 Dungeon Crawl Stone Soup version 0.21-a0-536-gdbbf329 (webtiles) character file.

3018 slep the Cleaver (level 9, -9/68 HPs)
             Began as a Demonspawn Gladiator on Dec 15, 2017.
             Mangled by a two-headed ogre
             ... wielding a +0 giant club
              (15 damage)
             ... on level 8 of the Dungeon.
             The game lasted 00:25:05 (7719 turns).

slep the Cleaver (Demonspawn Gladiator)             Turns: 7719, Time: 00:25:07

Health: -9/68      AC: 14    Str: 12    XL:     9   Next: 55%
Magic:  9/9        EV: 10    Int:  9    God:
Gold:   347        SH:  0    Dex: 19    Spells: 8/8 levels left

rFire    . . .     SeeInvis .   a - +0 war axe
rCold    + . .     Gourm    .   (no shield)
rNeg     . . .     Faith    .   h - +4 chain mail {rC+}
rPois    .         Spirit   .   (helmet restricted)
rElec    .         Reflect  .   (no cloak)
rCorr    .         Harm     .   C - +0 pair of gloves
MR       +....                  (no boots)
Stlth    ..........             (no amulet)
HPRegen  0.21/turn              v - ring of loudness (curse)
MPRegen  0.11/turn              w - ring of protection from magic

@: no status effects
A: horns 1, nightstalker 2, weak 1, rot immunity, MP-powered wands, sturdy frame
2
a: no special abilities


You were on level 8 of the Dungeon.
You were hungry.

You visited 2 branches of the dungeon, and saw 9 of its levels.

You collected 347 gold pieces.

Inventory:

Hand Weapons
 a - a +0 war axe (weapon)
 o - a +2 great sword
 x - a +0 falchion of holy wrath
Missiles
 d - 2 throwing nets (quivered)
Armour
 b - a +0 leather armour
 c - a +0 helmet
 h - a +4 chain mail of cold resistance (worn)
 t - a +2 pair of gloves
 C - a +0 pair of gloves (worn)
Jewellery
 g - an uncursed ring of ice
 m - an uncursed ring of stealth
 v - a cursed ring of loudness (left hand)
 w - a ring of protection from magic (right hand)
 y - an uncursed ring of fire {unknown}
 L - a cursed amulet of inaccuracy {unknown}
 M - an uncursed ring of fire {unknown}
 O - an uncursed ring of magical power {unknown}
Wands
 s - a wand of iceblast (7)
 z - a wand of flame (32)
 B - a wand of polymorph (6)
Scrolls
 e - 2 scrolls of amnesia {unknown}
 i - 3 scrolls of immolation {unknown}
 k - 10 scrolls of identify {unknown}
 l - 5 scrolls of remove curse {unknown}
 p - 8 scrolls of teleportation {unknown}
 u - 3 scrolls of magic mapping {unknown}
 E - a scroll of fear {unknown}
 F - a scroll of noise {unknown}
 G - a scroll of acquirement {unknown}
 K - a scroll of vulnerability {unknown}
Potions
 n - 6 potions of curing
 q - a potion of ambrosia
 A - 3 potions of heal wounds
 D - a potion of might {unknown}
 H - a potion of cancellation {unknown}
 J - a potion of lignification {unknown}
 P - a potion of magic {unknown}
Comestibles
 f - 4 bread rations
 j - 5 meat rations
 r - 2 royal jellies
 I - 2 fruits


   Skills:
 + Level 5.3 Fighting
 + Level 9.6 Axes
 + Level 1.8 Throwing
 + Level 4.7 Armour
 + Level 4.3 Dodging
 + Level 2.8 Stealth


You had 8 spell levels left.
You didn't know any spells.

Dungeon Overview and Level Annotations

Branches:
Dungeon (8/15)             Temple (1/1) D:5
   Lair: D:8-11

Altars:
Ashenzari
Cheibriados
Dithmenos
Elyvilon
Fedhas
Gozag
Hepliaklqana
Kikubaaqudgha
Makhleb
Nemelex Xobeh
Qazlal
Ru
Sif Muna
Trog
Uskayaw
Wu Jian
Xom
Yredelemnul
Zin
The Shining One

Shops:
D:7 *

Annotations:
D:6 2 transporters


Innate Abilities, Weirdness & Mutations

You are significantly more attuned to the shadows.
You are immune to rotting.
Your movements are less encumbered by armour. (ER -4)
You have a pair of small horns on your head.
You are weak. (Str -2)
You expend magic power (3 MP) to strengthen your wands.


Message History

The two-headed ogre shouts in stereo!
Found 19 arrows.
The two-headed ogre barely misses you. The two-headed ogre closely misses you.
You slash the two-headed ogre!
The two-headed ogre is lightly wounded.
The two-headed ogre completely misses you.
The two-headed ogre hits you with a giant club!
You hit the two-headed ogre.
The two-headed ogre is moderately wounded.
You hit the two-headed ogre.
The two-headed ogre is heavily wounded.
The two-headed ogre hits you with a giant club!
The two-headed ogre hits you with a giant club.
Your chain mail prevents you from hitting the two-headed ogre.
You headbutt the two-headed ogre, but do no damage.
The two-headed ogre is moderately wounded.
The two-headed ogre hits you with a giant club!
* * * LOW HITPOINT WARNING * * *
The two-headed ogre hits you with a giant club!
You die...

...........#..#.......#
..............#.#.....#
.######.......#.#.....#
.# .#>.#.......#### .#
.#..#.##.#### .#
.#..#...... .#
......##.##.# ##
..........#.### #
.........@O.... #
..#.....#.#.### ##.#
.......##(# # ...#
..##....... .....
.......##.## .#.##
##......# .#... .# .#
.#


You could see a two-headed ogre.

Vanquished Creatures
  A two-headed ogre (D:8)
  An orc warrior (D:7)
  A sky beast (D:6)
  A hornet zombie (D:6)
  An ice beast (D:5)
  3 phantoms
  2 necrophages (D:6)
  2 ogres
  2 centaurs
  3 scorpions
  4 wights (D:6)
  3 howler monkeys
  A crimson imp (D:5)
  2 jellies
  An orc priest (D:7)
  2 bullfrog skeletons
  A gnoll shaman (D:4)
  Jessica (D:3)
  An iguana (D:4)
  5 worker ants
  2 hound zombies (D:5)
  2 hound skeletons (D:6)
  2 worker ant zombies
  Robin (D:4)
  9 gnolls
  7 adders
  2 oozes
  2 adder skeletons
  An adder zombie (D:8)
  4 worms
  4 dart slugs
  4 leopard geckos
  6 orcs
  7 giant cockroaches
  16 goblins
  13 hobgoblins
  17 jackals
  5 quokkas
  A ball python (D:1)
  7 bats
  5 frilled lizards
  12 kobolds
  7 rats
174 creatures vanquished.

Notes
Turn   | Place    | Note
-------+----------+-------------------------------------------
     0 | D:1      | slep the Demonspawn Gladiator began the quest for the Orb.
     0 | D:1      | Reached XP level 1. HP: 16/16 MP: 1/1
    75 | D:1      | Gained mutation: Your movements are slightly less encumbered by armour. (ER -2) [demonic ancestry]
    75 | D:1      | Reached XP level 2. HP: 11/22 MP: 2/2
   294 | D:1      | Reached skill level 3 in Axes
   519 | D:2      | Gained mutation: Your movements are less encumbered by armour. (ER -4) [demonic ancestry]
   519 | D:2      | Reached XP level 3. HP: 15/27 MP: 3/3
   925 | D:4      | Gained mutation: You are immune to rotting. [demonic ancestry]
   925 | D:4      | Reached XP level 4. HP: 24/34 MP: 4/4
   944 | D:4      | Reached skill level 4 in Axes
   944 | D:4      | Reached XP level 5. HP: 10/39 MP: 5/5
   952 | D:4      | Reached skill level 1 in Armour
  1304 | D:5      | Entered Level 5 of the Dungeon
  2616 | D:3      | Gained mutation: You are slightly more attuned to the shadows. [demonic ancestry]
  2616 | D:3      | Reached XP level 6. HP: 46/46 MP: 6/6
  2742 | D:3      | Reached skill level 5 in Axes
  2831 | D:3      | Noticed Jessica
  2842 | D:3      | Killed Jessica
  3076 | D:3      | Found a blossoming altar of Fedhas.
  3504 | D:4      | Found a stormy altar of Qazlal.
  3892 | D:4      | Noticed Robin
  3916 | D:4      | Killed Robin
  4171 | D:5      | Found a staircase to the Ecumenical Temple.
  4176 | Temple   | Entered the Ecumenical Temple
  4385 | D:5      | Reached XP level 7. HP: 17/52 MP: 7/7
  4681 | D:5      | Reached skill level 6 in Axes
  4798 | D:5      | Found a shadowy altar of Dithmenos.
  5294 | D:6      | Reached skill level 7 in Axes
  5294 | D:6      | Reached XP level 8. HP: 38/60 MP: 8/8
  5325 | D:6      | Found a transporter.
  5339 | D:6      | Found a transporter.
  5501 | D:6      | Reached skill level 8 in Axes
  5685 | D:6      | Found a burning altar of Makhleb.
  6109 | D:7      | Gained mutation: You are weak. (Str -2) [potion of mutation]
  6109 | D:7      | Gained mutation: You expend magic power (3 MP) to strengthen your wands. [potion of mutation]
  6109 | D:7      | Gained mutation: You have a pair of small horns on your head. [potion of mutation]
  6132 | D:7      | Reached skill level 1 in Stealth
  6191 | D:7      | Gained mutation: You are significantly more attuned to the shadows. [demonic ancestry]
  6191 | D:7      | Reached XP level 9. HP: 39/67 MP: 9/9
  6222 | D:7      | Found Fabu's General Store.
  6316 | D:7      | Found an ancient bone altar of Kikubaaqudgha.
  6472 | D:7      | Reached skill level 5 in Fighting
  7124 | D:8      | Noticed a two-headed ogre
  7139 | D:8      | Killed a two-headed ogre
  7139 | D:8      | Reached skill level 9 in Axes
  7629 | D:7      | Found a sparkling altar of Nemelex Xobeh.
  7713 | D:8      | Noticed a two-headed ogre
  7719 | D:8      | Mangled by a two-headed ogre

Vault maps used:
D:1:      tarquinn_simple_flora_water_e
D:2:      first_bread
D:3:      old_standard_altar, uniq_jessica
D:4:      nicolae_qazlal_general_emergency, minmay_checkerbox, uniq_robin
D:5:      minmay_temple_entry_grid, minmay_misc_feat_encased,
          nicolae_dithmenos_through_a_glass_darkly
D:6:      gammafunk_steamed_eel, makhleb_blood_cavern_becter,
          serial_park_tiny_2, eino_tiny_chamber
D:7:      lemuel_upstairs_altar, lemuel_round_altar, serial_shops, shop_statue
Temple:   regret_index_temple_sphere_string

Skill      XL: |  1  2  3  4  5  6  7  8  9 |
---------------+----------------------------+-----
Dodging        | 3 4 |  4.3
Axes           | 3 4 5 7 8 9 |  9.6
Armour         | 1 2 3 4 |  4.7
Fighting       | 3 4 5 |  5.3
Stealth        | 1 2 |  2.8
Throwing       | |  1.8

Action                   |  1- 3 |  4- 6 |  7- 9 || total
-------------------------+-------+-------+-------++-------
Melee: War axe           |   103 |   275 |   306 ||   684
       Headbutt          |       |       |    14 ||    14
Throw: Throwing net      |       |       |     1 ||     1
  Use: Potion            |       |     1 |     6 ||     7
 Stab: Distracted        |       |     1 |       ||     1
       Invisible         |       |       |     5 ||     5
  Eat: Chunk             |       |    12 |    10 ||    22
Armor: Leather armour    |    49 |     2 |       ||    51
       Chain mail        |       |   148 |   154 ||   302
Dodge: Dodged            |   101 |   187 |   149 ||   437

Table legend:
 A = Spawn XP
 B = Non-spawn XP
 C = Spawn XP percentage of total XP
 D = Spawn monster count
 E = Non-spawn monster count
 F = Spawn count percentage of total count
 G = Total turns spent on level
                    A         B        C        D         E        F      G
               +---------+---------+-------+---------+---------+-------+---------
         Total |       0 |    4312 |   0.0 |       0 |     174 |   0.0 |  7719
               +---------+---------+-------+---------+---------+-------+---------
           D:1 |       0 |      66 |   0.0 |       0 |      33 |   0.0 |  1214
           D:2 |       0 |      72 |   0.0 |       0 |      23 |   0.0 |   723
           D:3 |       0 |     149 |   0.0 |       0 |      25 |   0.0 |   834
           D:4 |       0 |     296 |   0.0 |       0 |      27 |   0.0 |  1242
           D:5 |       0 |     576 |   0.0 |       0 |      23 |   0.0 |   964
           D:6 |       0 |    1409 |   0.0 |       0 |      24 |   0.0 |   843
           D:7 |       0 |     557 |   0.0 |       0 |      13 |   0.0 |  1107
           D:8 |       0 |    1187 |   0.0 |       0 |       6 |   0.0 |   605
               +---------+---------+-------+---------+---------+-------+---------
